 Dungeon Crawl Stone Soup version 0.29.0-4-gdea44cf6ec (webtiles) character file.

Game seed: 4123666343169326441

11 qw the Sneak (level 2, -8/19 HPs)
             Began as a Gargoyle Delver on Sept 10, 2022.
             Mangled by an ice beast (11 damage)
             ... on level 5 of the Dungeon.
             The game lasted 00:00:10 (412 turns).

qw the Sneak (Gargoyle Delver)                       Turns: 412, Time: 00:00:10

Health: -8/19      AC:  5    Str: 15    XL:     2   Next: 25%
Magic:  2/2        EV: 11    Int: 10    God:
Gold:   4          SH:  0    Dex: 11    Spells: 1/1 levels left

rFire   . . .      SeeInvis .   Y - +0 hand axe
rCold   . . .      Faith    .   (no shield)
rNeg    + . .      Spirit   .   b - +0 leather armour
rPois   inf        Reflect  .   (no helmet)
rElec   +          Harm     .   (no cloak)
rCorr   .          Rampage  .   (no gloves)
Will    .....                   (no boots)
Stlth   +++.......              (no amulet)
HPRegen 0.06/turn               (no ring)
MPRegen 0.08/turn               (no ring)

@: weak-willed
A: sickness immunity, AC +2, negative energy resistance 1, electricity
resistance, torment resistance 1, petrification resistance
a: no special abilities


You were on level 5 of the Dungeon.
You visited 1 branch of the dungeon, and saw 2 of its levels.

You collected 4 gold pieces.


Innate Abilities, Weirdness & Mutations

You are immune to sickness and miasma.
Your stone body is resilient. (AC +2)
You are immune to poison.
You resist negative energy. (rN+)
You are resistant to electric shocks. (rElec)
You are resistant to unholy torment.
You are immune to petrification.


   Skills:
 - Level 3.2 Fighting
 + Level 2.6 Axes
 - Level 1.5 Dodging
 - Level 5.4 Stealth


You had one spell level left.
You didn't know any spells.
Your spell library was empty.

Inventory:

Hand Weapons
 Y - a +0 hand axe (weapon)
Armour
 b - a +0 leather armour (worn)
Wands
 g - a wand of digging (3)
Potions
 c - a potion of berserk rage {unknown}
 d - a potion of degeneration {unknown}
 f - a potion of haste
 h - a potion of invisibility {unknown}

Dungeon Overview and Level Annotations

Branches:
Dungeon (5/15)
 Temple: D:4-7

Altars:
Dithmenos
Xom


Message History

You closely miss the hound. The hound barely misses you.
The hound closely misses you.
You hit the hound but do no damage. The hound bites you but does no damage.
You hit the ice beast.
The ice beast is lightly wounded.
You hit the hound but do no damage. The hound barely misses you.
The hound bites you.
The ice beast hits you but does no damage.
You hit the ice beast.
The ice beast is moderately wounded.
You barely miss the hound. The hound closely misses you.
The ice beast hits you but does no damage.
The hound closely misses you.
You hit the ice beast but do no damage.
The ice beast is moderately wounded.
You hit the hound. The hound barely misses you.
The ice beast closely misses you. The hound barely misses you.
You hit the ice beast.
The ice beast is heavily wounded.
You hit the hound. The hound bites you. The ice beast closely misses you.
You closely miss the ice beast.
The ice beast is heavily wounded.
You closely miss the hound. The hound closely misses you.
The ice beast closely misses you. The hound barely misses you.
The ice beast barely misses you.
You barely miss the ice beast.
The ice beast is heavily wounded.
You closely miss the hound. The hound bites you. The hound closely misses you.
The ice beast closely misses you.
You hit the ice beast but do no damage.
The ice beast is heavily wounded.
You hit the hound. The hound bites you. The ice beast hits you.
The ice beast freezes you!
Ouch! That really hurt!
You die...

....##.........#
....##.........#
...............#
....##.........#########
....##...........#.)...##
..#.....###<......?...(.##
#.##....##.........(....>#
..##....##...............#
........##......@........#
#..#....##.....Y.h.......#
#..#.....#.................
.#.......#........#.#####.#.
....####..........#.......#.
#.. #####......#.#...#.#.
#.. ###.#..#.#._. #..
#....#.#... ##.#.#.....


You could see an ice beast and a hound.

Vanquished Creatures
  An adder (D:5)
  An orc (D:5)
2 creatures vanquished.

Notes
Turn   | Place    | Note
-------+----------+-------------------------------------------
     0 | D:5      | qw the Gargoyle Delver began the quest for the Orb.
     0 | D:5      | Reached XP level 1. HP: 14/14 MP: 1/1
     0 | D:5      | 0 ||| qw: Version: 0.1-a-116-g5d60599
     0 | D:5      | 0 ||| qw: Game counter: 9051
     0 | D:5      | 0 ||| qw: Always use a shield: true
     0 | D:5      | 0 ||| qw: God list: Okawaru
     0 | D:5      | 0 ||| qw: Allow faded altars: false
     0 | D:5      | 0 ||| qw: Do Orc after D:15 true
     0 | D:5      | 0 ||| qw: Do second Lair branch before Depths: true
     0 | D:5      | 0 ||| qw: Lair rune preference: random
     0 | D:5      | 0 ||| qw: Plans: Normal
     0 | D:5      | 0 ||| PLANNING D:1-11
    47 | D:5      | HP: 2/14 [adder (3)]
    50 | D:5      | Reached XP level 2. HP: 2/19 MP: 2/2
   321 | D:5      | 321 ||| DROPPING scroll of fog.
   322 | D:5      | 322 ||| DROPPING scroll of magic mapping.
   323 | D:5      | 323 ||| DROPPING scroll of fear.
   335 | D:4      | Found a shadowy altar of Dithmenos.
   355 | D:5      | 355 ||| PLANNING OSSUARY
   391 | D:5      | Found a shimmering altar of Xom.
   395 | D:5      | 395 ||| READING scroll labelled LOYZOA UTICS.
   396 | D:5      | 396 ||| Stepping randomly (stuck).
   397 | D:5      | 397 ||| Stepping randomly (stuck).
   398 | D:5      | 398 ||| Stepping randomly (stuck).
   399 | D:5      | 399 ||| Stepping randomly (stuck).
   400 | D:5      | 400 ||| Stepping randomly (stuck).
   400 | D:5      | Noticed an ice beast
   412 | D:5      | HP: 4/19 [hound (5)]
   412 | D:5      | Mangled by an ice beast

Levels and vault maps discovered:
D:4:      layout_basic, nicolae_overflow_hidden_temple,
          mainiacjoe_overflow_tiny_flanked, mainiacjoe_overflow_boulevard,
          uniq_blork_the_orc, uniq_robin, uniq_duvessa
D:5:      layout_rooms, mainiacjoe_overflow_cross_hatched, temple_hall,
          enter_ossuary_5

Skill      XL: |  1 |
---------------+----+-----
Axes           | 2 |  2.6
Fighting       | |  3.2
Dodging        | |  1.5
Stealth        | |  5.4

Action                   || total
-------------------------++-------
Melee: Hand axe          ||    26
  Use: Scroll            ||     1
Armor: Leather armour    ||     9
Dodge: Dodged            ||    23

Table legend:
 A = Non-vault XP
 B = Vault XP
 C = Vault XP percentage of total XP
 D = Non-vault monster count
 E = Vault monster count
 F = Vault count percentage of total count
                 A         B        C        D         E       F
            +---------+---------+-------+---------+---------+-------
      Total |      16 |       0 |   0.0 |       2 |       0 |   0.0
            +---------+---------+-------+---------+---------+-------
        D:5 |      16 |       0 |   0.0 |       2 |       0 |   0.0
            +---------+---------+-------+---------+---------+-------
